 Dungeon Crawl Stone Soup version 0.20-a0-270-g8e735b6 (webtiles) character file.

6035 Faca the Cleaver (level 11, -2/84 HPs)
             Began as a Formicid Fighter on Dec 10, 2016.
             Was a High Priest of Okawaru.
             Slain by a wyvern (9 damage)
             ... on level 11 of the Dungeon.
             The game lasted 00:28:56 (11417 turns).

Faca the Cleaver (Formicid Fighter)                Turns: 11417, Time: 00:28:56

Health: -2/84      AC: 14    Str: 20    XL:     11   Next: 11%
Magic:  11/11      EV:  7    Int:  9    God:    Okawaru [*****.]
Gold:   517        SH: 12    Dex: 13    Spells: 10/10 levels left

rFire  . . .     SeeInvis +     k - +4 battleaxe
rCold  . . .     Gourm    .     o - +0 plate armour
rNeg   . . .     Faith    .     c - +0 shield
rPois  .         Spirit   .     (helmet unavailable)
rElec  .         Reflect  .     (no cloak)
rCorr  +         Harm     .     s - +0 pair of gloves
MR     +....                    (no boots)
Stlth  ..........               (no amulet)
                                p - ring of resist corrosion
                                (no ring)

@: no status effects
A: permanent stasis, dig shafts and tunnels, four strong arms, antennae 3
a: Dig, Shaft Self, Heroism, Finesse, Renounce Religion


You were on level 11 of the Dungeon.
You worshipped Okawaru.
Okawaru was extremely pleased with you.
You were not hungry.

You visited 1 branch of the dungeon, and saw 11 of its levels.

You collected 517 gold pieces.

Inventory:

Hand Weapons
 b - a +1 flail of crushing
 k - a +4 battleaxe (weapon)
Armour
 a - a +2 cloak of magic resistance
 c - a +0 shield (worn)
 o - a +0 plate armour (worn)
 s - a +0 pair of gloves (worn)
Jewellery
 l - an uncursed ring of ice
 p - a ring of resist corrosion (right hand)
Wands
 i - a wand of iceblast (8/15)
 w - a wand of disintegration (17/24)
 x - a wand of lightning (1/15)
Scrolls
 g - a scroll of recharging
 h - 3 scrolls of identify
 n - 3 scrolls of fog
 q - 2 scrolls of magic mapping
 v - 2 scrolls of fear
Potions
 e - a potion of lignification
 j - a potion of resistance
 r - 2 potions of brilliance
Comestibles
 f - 2 meat rations
 t - a bread ration


   Skills:
 + Level 7.3 Fighting
 + Level 10.5(10.6) Axes
 + Level 1.5(6.9) Maces & Flails
 + Level 7.9 Armour
 + Level 1.9 Dodging
 + Level 10.0 Shields
 + Level 0.5 Invocations


You had 10 spell levels left.
You didn't know any spells.

Dungeon Overview and Level Annotations

Branches:
Dungeon (11/15)            Temple (0/1) D:4
   Lair: D:8-11         Orc: D:9-12

Altars:
Dithmenos
Elyvilon
Fedhas
Gozag
Hepliaklqana
Okawaru
Qazlal
Sif Muna
Xom
Yredelemnul
The Shining One

Shops:
D:4 *


Innate Abilities, Weirdness & Mutations

You cannot be hasted, slowed, berserked, paralysed or teleported.
You can dig through walls and to a lower floor.
Your four strong arms can wield two-handed weapons with a shield.
You have a pair of large antennae on your head. (SInv)


Message History

The wyvern hisses angrily.
a - a runed cloak {god gift} You block the wyvern's attack.
The komodo dragon bites the wyvern.
The wyvern bites you.
The orc priest looks braver for a moment.
The wyvern bites you but does no damage.
The komodo dragon bites something!!
The wyvern bites you but does no damage.
You block the wyvern's attack. The wyvern bites you!
* * * LOW HITPOINT WARNING * * *
Okay, then.
You block the wyvern's attack.
The orc priest calls down the wrath of Beogh upon you.
Beogh smites you!
* * * LOW HITPOINT WARNING * * *
The wyvern bites you but does no damage.
The orc priest begins to cast a cantrip, but forgets the words!
The wyvern bites you!
You die...

#.# ##.### .....#
####.# #.# { #.# ###
#.# ####.#
#.#######...#### ###
#........###.@l#######
#.##### ########.#
####..##..###......
### #...o.###.......
###..o......###.
#######.##.#..
########


You could see a wyvern, an orc priest and an orc.

Vanquished Creatures
  Pikel (D:6)
  A two-headed ogre (D:10)
  A troll (D:9)
  2 hippogriffs
  Grum (D:10)
  2 wyverns
  3 yaks (D:6)
  Eustachio (D:4)
  2 hungry ghosts
  Edmund (D:6)
  A water moccasin (D:6)
  Menkaure (D:6)
  3 ice beasts
  A swamp drake (D:11)
  An orc warrior (D:6)
  5 ogres
  A phantom (D:5)
  3 wolves (D:10)
  2 centaurs
  A big kobold (D:7)
  2 bullfrogs
  3 killer bees (D:7)
  4 wights (D:10)
  3 crimson imps
  A bullfrog zombie (D:9)
  2 quasits
  2 jellies
  9 orc wizards
  A centaur skeleton (D:10)
  4 orc priests
  4 hounds
  Terence (D:3)
  3 iguanas
  10 worker ants
  2 hound skeletons
  3 worker ant zombies
  13 adders
  A howler monkey skeleton (D:4)
  2 oozes
  7 worms
  4 dart slugs
  7 leopard geckos
  33 orcs
  2 ball pythons (D:6)
  5 giant cockroaches
  7 goblins
  4 hobgoblins
  9 jackals
  15 kobolds
  3 quokkas
  6 bats
  4 frilled lizards
  A jackal skeleton (D:4)
  A jackal zombie (D:9)
  A leopard gecko skeleton (D:4)
  8 rats
221 creatures vanquished.

Vanquished Creatures (others)
  A slave (D:6)
  An orc wizard (D:11)
  An adder (D:6)
  An orc (D:6)
  A quokka (D:6)
5 creatures vanquished.

Grand Total: 226 creatures vanquished

Notes
Turn   | Place    | Note
-------+----------+-------------------------------------------
     0 | D:1      | Faca the Formicid Fighter began the quest for the Orb.
     0 | D:1      | Reached XP level 1. HP: 18/18 MP: 1/1
    26 | D:1      | Reached XP level 2. HP: 17/24 MP: 2/2
   212 | D:1      | Reached XP level 3. HP: 28/29 MP: 3/3
   653 | D:2      | Reached XP level 4. HP: 25/37 MP: 4/4
   671 | D:2      | Found a basalt altar of Yredelemnul.
   681 | D:2      | Found an iron altar of Okawaru.
   685 | D:2      | Became a worshipper of Warmaster Okawaru
  1485 | D:3      | Reached XP level 5. HP: 37/42 MP: 5/5
  1743 | D:3      | Reached skill level 1 in Dodging
  2023 | D:3      | Noticed Terence
  2031 | D:3      | Killed Terence
  2031 | D:3      | Reached XP level 6. HP: 48/48 MP: 6/6
  2230 | D:3      | Reached skill level 5 in Shields
  2901 | D:4      | Found Nuc Zer's Elemental Accessories.
  2997 | D:4      | Reached XP level 7. HP: 55/55 MP: 7/7
  3175 | D:4      | Reached * piety under Okawaru
  3175 | D:4      | Reached skill level 5 in Axes
  3523 | D:4      | Found a staircase to the Ecumenical Temple.
  3561 | D:4      | Found a shimmering altar of Xom.
  3715 | D:4      | Noticed Eustachio
  3736 | D:4      | Killed Eustachio
  4097 | D:5      | Entered Level 5 of the Dungeon
  4107 | D:5      | Reached XP level 8. HP: 58/61 MP: 8/8
  4125 | D:5      | Got a steaming dagger
  4126 | D:5      | Identified the +6 dagger "Fodesch" {holy, Str+4} (You found it on level 5 of the Dungeon)
  4151 | D:5      | Reached skill level 5 in Armour
  4176 | D:5      | Reached skill level 5 in Fighting
  4488 | D:5      | Found a blossoming altar of Fedhas.
  4591 | D:5      | Reached ** piety under Okawaru
  5069 | D:5      | Found a shadowy altar of Dithmenos.
  5103 | D:5      | Reached XP level 9. HP: 64/68 MP: 9/9
  5243 | D:6      | Found an opulent altar of Gozag.
  5257 | D:6      | Reached *** piety under Okawaru
  5647 | D:6      | Noticed Pikel
  5683 | D:6      | Killed Pikel
  5683 | D:6      | Reached **** piety under Okawaru
  6306 | D:6      | Reached XP level 10. HP: 44/76 MP: 10/10
  6522 | D:6      | Noticed Edmund
  6522 | D:6      | Noticed Menkaure
  6536 | D:6      | Killed Menkaure
  6539 | D:6      | Killed Edmund
  8772 | D:8      | HP: 3/77 [orc priest/divine providence (11)]
  9444 | D:8      | Found a deep blue altar of Sif Muna.
  9684 | D:8      | Reached skill level 10 in Axes
  9875 | D:9      | Found a glowing golden altar of the Shining One.
  9876 | D:9      | Found a hazy altar of Hepliaklqana.
  9877 | D:9      | Found a stormy altar of Qazlal.
  9877 | D:9      | Found a white marble altar of Elyvilon.
 10535 | D:10     | Entered Level 10 of the Dungeon
 10878 | D:10     | Reached ***** piety under Okawaru
 10935 | D:10     | Reached skill level 1 in Maces & Flails
 10989 | D:10     | Noticed Grum
 10994 | D:10     | Reached XP level 11. HP: 83/84 MP: 11/11
 11004 | D:10     | Killed Grum
 11363 | D:11     | Reached skill level 10 in Shields
 11401 | D:11     | Received a gift from Okawaru
 11417 | D:11     | Slain by a wyvern

Vault maps used:
D:1:      moated_graveyard_arrival
D:2:      amethyst_overflow_temple_binary, minmay_misc_feat_columns
D:3:      uniq_terence
D:4:      tgw_xom, first_bread, nicolae_elemental_shop, uniq_eustachio
D:5:      grunt_dithmenos_shadows, lemuel_crystal_altar
D:6:      nicolae_gozag_cash_rules_everything_around_me, uniq_edmund,
          uniq_menkaure, uniq_pikel
D:7:      patterned_corridor
D:8:      led_sif_pool
D:9:      chequers_temple_overflow_statue_of_worship
D:10:     uniq_grum
D:11:     erik_lair_dragon, david_orc_5, grunt_pizzeria, grunt_decor_cap,
          lightli_fourway_metalbox

Skill      XL: |  1  2  3  4  5  6  7  8  9 10 11 |
---------------+----------------------------------+-----
Shields        | 4 5 6 7 9 10 | 10.0
Fighting       | 4 5 6 7 |  7.3
Axes           | 3 4 5 7 9 10 | 10.5
Dodging        | 1 |  1.9
Armour         | 4 5 6 7 |  7.9
Maces & Flails | 1 |  1.5
Invocations    | |  0.5

Action                   |  1- 3 |  4- 6 |  7- 9 | 10-12 || total
-------------------------+-------+-------+-------+-------++-------
Melee: War axe           |    69 |   190 |   400 |   414 ||  1073
       Flail             |       |       |       |    28 ||    28
       Battleaxe         |       |       |       |    56 ||    56
Invok: Heroism           |       |       |       |     1 ||     1
 Abil: Dig               |       |       |     1 |       ||     1
  Use: Scroll            |     6 |     4 |     4 |     7 ||    21
       Potion            |     2 |     2 |     3 |     5 ||    12
  Eat: Beef jerky        |       |     1 |     3 |     4 ||     8
       Pizza             |       |     1 |     1 |       ||     2
       Bread ration      |       |     1 |     3 |     2 ||     6
       Meat ration       |       |       |       |     2 ||     2
Armor: Scale mail        |    27 |    67 |     9 |       ||   103
       Plate armour      |       |       |   155 |   278 ||   433
       Skin              |       |       |       |     4 ||     4
Dodge: Dodged            |    18 |    57 |    79 |   134 ||   288
Block: Shield            |    50 |   109 |   223 |   361 ||   743
